 Dungeon Crawl Stone Soup version 0.30.1-3-gfc49f6343a (webtiles) character file.

Game seed: 7854280150848617231

53 cdecastro the Cudgeller (level 3, -1/31 HPs)
             Began as an Armataur Warper on Aug 1, 2023.
             Constricted to death by Robin (4 damage)
             ... on level 1 of the Dungeon.
             The game lasted 00:02:35 (1256 turns).

cdecastro the Cudgeller (Armataur Warper)           Turns: 1256, Time: 00:02:35

Health: -1/31      AC:  6    Str: 18    XL:     3   Next: 62%
Magic:  5/5        EV:  5    Int: 16    God:
Gold:   59         SH:  0    Dex:  9    Spells: 5/5 levels left

rFire   . . .        a - +0 mace
rCold   . . .        (no shield)
rNeg    . . .        n - +1 ring mail of the Fiddle {Int+3 SInv Stlth+}
rPois   .            (no helmet)
rElec   .            (no cloak)
rCorr   .            (no gloves)
SInv    +            (no barding)
Will    .....        (no amulet)
Stlth   +            (no ring)
HPRegen 0.25/turn    (no ring)
MPRegen 0.09/turn

%: roll
@: grasped by roots, constricted
A: large, rugged brown scales 3, deformed body, armoured tail, roll, long
tongue, awkward tongue
a: no special abilities


You were on level 1 of the Dungeon.
You visited 1 branch of the dungeon, and saw 2 of its levels.

You collected 59 gold pieces.

Inventory:

Hand Weapons
 a - a +0 mace (weapon)
Missiles
 d - 13 boomerangs of dispersal (quivered)
Armour
 b - a +0 leather armour
 n - the +1 ring mail of the Fiddle (worn) {Int+3 SInv Stlth+}
   (You found it on level 2 of the Dungeon)

   Int:       It affects your intelligence (+3).
   SInv:      It lets you see invisible.
   Stlth:     It makes you more stealthy.
Jewellery
 i - a ring of protection from cold
Scrolls
 c - a scroll of blinking
 e - 2 scrolls of immolation {unknown}
 f - a scroll of teleportation {unknown}
 h - a scroll of poison {unknown}
 j - a scroll of vulnerability {unknown}
 k - a scroll of enchant armour {unknown}
 l - 3 scrolls of identify {unknown}
Potions
 g - a potion of mutation {unknown}
 m - a potion of curing {unknown}


   Skills:
 - Level 1.7 Fighting
 + Level 3.7 Maces & Flails
 - Level 0.8 Throwing
 - Level 1.2 Armour
 - Level 1.3 Dodging
 - Level 1.7 Spellcasting
 - Level 3.0 Translocations


You had 5 spell levels left.
You didn't know any spells.
Your spell library contained the following spells:

 Spells                   Type           Power      Damage    Failure   Level
 Blink                    Tloc           22%        N/A       17%         2
 Lesser Beckoning         Tloc           22%        N/A       17%         2
 Teleport Other           Tloc           11%        N/A       32%         3
 Vhi's Electric Charge    Tloc/Air       12%        N/A       52%         3
 Manifold Assault         Tloc           11%        N/A       73%         4


Dungeon Overview and Level Annotations

Branches:
Dungeon (2/15)

Altars:

Annotations:
D:1 Robin


Innate Abilities, Weirdness & Mutations

You are completely covered in rugged brown scales. (AC +3, +7% HP)
Armour fits poorly on your strangely shaped body.
You have a long armoured tail.
You roll when moving toward enemies. (Rampage)
Your long tongue fully drains potion bottles. (2x potion effects)
Your tongue gives you trouble enunciating. (1.5x scroll delay)


Message History

Unknown command.
Robin says, "Feeling lonely?"
The goblin unwields a +0 dagger.
The goblin wields a +0 sling.
The goblin shoots a sling bullet.
The sling bullet hits you but does no damage.
Robin hits you with a +5 club.
The goblin shoots a sling bullet.
The sling bullet barely misses you.
The sling bullet barely misses Robin.
You climb upwards.
There is a stone staircase leading down here.
Unknown command.
You completely miss Robin. Robin hits you but does no damage. x2
You hit Robin but do no damage. You tail-slap Robin!
Robin is heavily wounded.
Robin zaps a wand.
The roots erupt in riotous growth!
The grasping roots grab you!
Robin is unaffected.
The grasping roots constrict you.
You barely miss Robin.
Robin is heavily wounded.
Robin hits you with a +5 club. The grasping roots constrict you.
The grasping roots release their grip on you.
You hit Robin.
Robin is severely wounded.
Robin hits you with a +5 club.
* * * LOW HITPOINT WARNING * * *
You barely miss Robin. You tail-slap Robin, but do no damage.
Robin is severely wounded.
Robin hits you with a +5 club.
* * * LOW HITPOINT WARNING * * *
You hit Robin.
Robin is severely wounded.
Robin hits you with a +5 club.
* * * LOW HITPOINT WARNING * * *
Robin hits you with a +5 club!
* * * LOW HITPOINT WARNING * * *
You barely miss Robin.
Robin is severely wounded.
Robin zaps a wand.
The roots erupt in riotous growth!
The grasping roots grab you!
Robin is unaffected.
The grasping roots constrict you.
You die...

#.####.#...............#..### #.#
#.#...............#..### #.#
#.#.......#######.#....## #.#
#.#.........#####........
####.####.'......##.##...........
#.........#......................
#.###.....#.......##...[.........
#.###.....#......g..)............
#.........#.....@).##............
#####.....######....#............
###'########.##)########.....
#..........##.### #.....
#############...# #..... ###.####
#..... #..†.# #..... ####.#
#..... ##########.# ####..


You could see Robin.

Vanquished Creatures
  A dart slug (D:2)
  5 ball pythons (D:1)
  5 endoplasms (D:1)
  2 giant cockroaches (D:1)
  9 goblins
  4 hobgoblins
  3 jackals (D:1)
  5 bats
  2 frilled lizards (D:1)
  5 kobolds
  2 rats (D:1)
43 creatures vanquished.

Notes
Turn   | Place    | Note
-------+----------+-------------------------------------------
     0 | D:1      | cdecastro the Armataur Warper began the quest for the Orb.
     0 | D:1      | Reached XP level 1. HP: 18/18 MP: 3/3
    80 | D:1      | Reached XP level 2. HP: 12/25 MP: 4/4
   571 | D:1      | Reached XP level 3. HP: 29/31 MP: 5/5
   778 | D:2      | Identified the +1 ring mail of the Fiddle {Int+3 SInv
                  | Stlth+}
   828 | D:2      | Noticed Robin
  1256 | D:1      | Constricted to death by Robin

Illustrated notes

Levels and vault maps discovered:
D:1:      minmay_arrival_plants_in_alcoves, layout_basic
D:2:      layout_loops_ring, uniq_robin

Skill      XL: |  1  2 |
---------------+-------+-----
Maces & Flails | 2 3 |  3.7
Fighting       | |  1.7
Throwing       | |  0.8
Armour         | |  1.2
Dodging        | |  1.3
Spellcasting   | |  1.7
Translocations | |  3.0

Action                     || total
---------------------------++-------
  Melee: Mace              ||   138
         Tailslap          ||    15
 Armour: Leather armour    ||    43
         Ring mail         ||    29
  Dodge: Dodged            ||    70
